 Dungeon Crawl Stone Soup version 0.25-a0-306-g3faca94807 (webtiles) character file.

Game seed: 8496807885112873058, levelgen mode: deterministic

339 MoonlitKnight the Poker (level 6, -3/48 HPs)
             Began as a Merfolk Skald on Dec 21, 2019.
             Killed from afar by an orc wizard (5 damage)
             ... with a magic dart
             ... on level 5 of the Dungeon.
             The game lasted 00:07:44 (4434 turns).

MoonlitKnight the Poker (Merfolk Skald)             Turns: 4434, Time: 00:07:46

Health: -3/48      AC: 10    Str: 16    XL:     6   Next: 55%
Magic:  4/9        EV: 13    Int: 12    God:
Gold:   284        SH:  0    Dex: 14    Spells: 3/9 levels left

rFire    + . .     SeeInvis .   a - +0 spear
rCold    + . .     Gourm    .   (no shield)
rNeg     . . .     Faith    .   f - +2 ring mail {rC+}
rPois    .         Spirit   .   (no helmet)
rElec    .         Reflect  .   (no cloak)
rCorr    .         Harm     .   m - +1 pair of gloves {Str+3}
MR       .....                  (no boots)
Stlth    +.........             (no amulet)
HPRegen  0.16/turn              g - +1 ring of protection
MPRegen  0.11/turn              p - ring of protection from fire

@: very slightly contaminated, slowed, very slow
A: change form in water, swift swim, stealthy swim
a: no special abilities


You were on level 5 of the Dungeon.
You were not hungry.

You visited 1 branch of the dungeon, and saw 5 of its levels.

You collected 284 gold pieces.

Inventory:

Hand Weapons
 a - a +0 spear (weapon)
 i - a +1 hunting sling
Missiles
 s - 8 poisoned darts (quivered)
Armour
 f - a +2 ring mail of cold resistance (worn)
 m - a +1 pair of gloves of strength (worn)
Jewellery
 g - a +1 ring of protection (left hand)
 p - a ring of protection from fire (right hand)
Scrolls
 b - 3 scrolls of fear
 c - 5 scrolls of remove curse
 j - a scroll of identify
 k - 2 scrolls of teleportation
 o - a scroll of enchant armour {unknown}
 t - a scroll of enchant weapon
Potions
 e - 2 potions of haste
 h - 2 potions of might
 l - a potion of heal wounds {unknown}
 n - 3 potions of mutation {unknown}
 r - a potion of curing {unknown}
 u - a potion of lignification {unknown}
Comestibles
 d - 12 rations


   Skills:
 + Level 4.1 Fighting
 * Level 7.1 Polearms
 - Level 0.6 Armour
 + Level 4.9 Dodging
 - Level 2.0 Spellcasting
 - Level 3.2 Charms


You had 3 spell levels left.
You knew the following spells:

 Your Spells              Type           Power        Failure   Level  Hunger
a - Spectral Weapon       Hex/Chrm       #.......     63%         3    ####...
b - Shroud of Golubria    Chrm/Tloc      #.....       38%         2    ###....
c - Infusion              Chrm           #...         14%         1    ##.....

Your spell library contained the following spells:

 Spells                   Type           Power        Failure   Level  Hunger
 Song of Slaying          Chrm           #.......     21%         2    ###....
 Regeneration             Chrm/Necr      #.........   63%         3    ####...


Dungeon Overview and Level Annotations

Branches:
Dungeon (5/15)
 Temple: D:4-7

Altars:
Gozag


Message History

You hit the orc wizard.
The orc wizard is almost dead.
The orc wizard hits you but does no damage.
The orc wizard hits you with a +2 dagger of protection.
* * * LOW HITPOINT WARNING * * *
Attack whom?
Press: ? - help, Dir - move target cursor, f/p - orc wizard
Aim: an orc wizard, wielding a +2 dagger of protection and wearing a +0 robe (almost dead, fast)
You barely miss the orc wizard.
The orc wizard is almost dead.
The orc wizard hits you but does no damage. x2
All of the chunks of flesh in your inventory have rotted away.
Attack whom?
Press: ? - help, Dir - move target cursor, f/p - orc wizard
Aim: an orc wizard, wielding a +2 dagger of protection and wearing a +0 robe (almost dead, fast)
You barely miss the orc wizard.
The orc wizard is almost dead.
The orc wizard points at you and mumbles some strange words.
The magic dart hits you.
You die...

..(...#.....##
...?.........##
..............#
..............#
.......?......#
..............#
..............#
......o@...<.#
#.....#.....##
##### #######


You could see an orc wizard.

Vanquished Creatures
  A phantom (D:4)
  2 centaur skeletons (D:4)
  2 orc wizards (D:4)
  A worker ant (D:4)
  3 adders
  An ooze (D:4)
  5 worms
  A leopard gecko (D:1)
  5 orcs
  7 bats
  2 giant cockroaches
  9 goblins
  8 hobgoblins
  6 jackals (D:1)
  5 kobolds
  A quokka (D:3)
  A ball python (D:3)
  2 frilled lizards
  9 rats
71 creatures vanquished.

Notes
Turn   | Place    | Note
-------+----------+-------------------------------------------
     0 | D:1      | MoonlitKnight the Merfolk Skald began the quest for the
                  | Orb.
     0 | D:1      | Reached XP level 1. HP: 16/16 MP: 3/3
   305 | D:1      | Reached XP level 2. HP: 22/23 MP: 5/5
   369 | D:1      | Reached skill level 4 in Polearms
   605 | D:1      | Learned a level 2 spell: Shroud of Golubria
   757 | D:1      | Reached XP level 3. HP: 22/28 MP: 6/6
   989 | D:2      | Found a faded altar of an unknown god.
  2061 | D:3      | Reached XP level 4. HP: 29/35 MP: 7/7
  2335 | D:3      | Learned a level 3 spell: Spectral Weapon
  2368 | D:3      | Reached skill level 5 in Polearms
  3330 | D:4      | Reached XP level 5. HP: 35/41 MP: 8/8
  3471 | D:4      | Reached skill level 6 in Polearms
  3567 | D:4      | Noticed a phantom
  3620 | D:4      | Killed a phantom
  3620 | D:4      | Reached XP level 6. HP: 22/48 MP: 3/9
  4226 | D:4      | Reached skill level 7 in Polearms
  4348 | D:4      | Found an opulent altar of Gozag.
  4408 | D:5      | Entered Level 5 of the Dungeon
  4432 | D:5      | HP: 2/48 [orc wizard/+2 dagger of protection (3)]
  4434 | D:5      | Killed from afar by an orc wizard

Levels and vault maps discovered:
D:1:      dpeg_arrival_orchard, layout_rooms
D:2:      layout_basic, chequers_ecumenical_altar_simple
D:3:      layout_basic, hangedman_decor_riveting, minmay_close_crescents
D:4:      minmay_wonky_spiral, layout_gridville, grunt_gozag_breadcrumbs
D:5:      layout_rooms, gammafunk_temple_overflow_elements, temple_statues,
          first_ration, cheibrodos_sewer_entry_sluice, tso_altar

Skill      XL: |  1  2  3  4  5  6 |
---------------+-------------------+-----
Dodging        | 3 4 |  4.9
Polearms       | 4 5 6 7 |  7.1
Fighting       | 3 4 |  4.1
Armour         | |  0.6
Spellcasting   | |  2.0
Charms         | |  3.2

Action                   |  1- 3 |  4- 6 || total
-------------------------+-------+-------++-------
Melee: Spear             |   157 |   212 ||   369
 Cast: Infusion          |     6 |     7 ||    13
       Spectral Weapon   |       |     1 ||     1
       Shroud of Golubri |       |     2 ||     2
  Use: Scroll            |       |     8 ||     8
  Eat: Chunk             |     4 |     8 ||    12
Armor: Leather armour    |    23 |       ||    23
       Ring mail         |    27 |    65 ||    92
Dodge: Dodged            |    89 |    92 ||   181

Table legend:
 A = Non-vault XP
 B = Vault XP
 C = Vault XP percentage of total XP
 D = Non-vault monster count
 E = Vault monster count
 F = Vault count percentage of total count
                 A         B        C        D         E       F
            +---------+---------+-------+---------+---------+-------
      Total |     470 |      15 |   3.1 |      66 |       5 |   7.0
            +---------+---------+-------+---------+---------+-------
        D:1 |      38 |       0 |   0.0 |      20 |       0 |   0.0
        D:2 |      36 |       0 |   0.0 |      12 |       0 |   0.0
        D:3 |      47 |      10 |  17.5 |      22 |       4 |  15.4
        D:4 |     349 |       5 |   1.4 |      12 |       1 |   7.7
            +---------+---------+-------+---------+---------+-------
